 Dungeon Crawl Stone Soup version 0.24-a0-235-g3f03afcf10 (webtiles) character file.

Game seed: 5400298255528474899

71 Redear the Shield-Bearer (level 4, 0/31 HPs)
             Began as an Octopode Fighter on Apr 8, 2019.
             Slain by a hobgoblin (5 damage)
             ... on level 2 of the Dungeon.
             The game lasted 00:03:08 (1365 turns).

Redear the Shield-Bearer (Octopode Fighter)         Turns: 1365, Time: 00:03:08

Health: 0/31       AC:  1    Str: 15    XL:     4   Next: 24%
Magic:  4/4        EV: 13    Int: 10    God:
Gold:   91         SH:  0    Dex: 12    Spells: 3/3 levels left

rFire    . . .     SeeInvis .   a - +0 long sword
rCold    . . .     Gourm    .   (no shield)
rNeg     . . .     Faith    .   (helmet restricted)
rPois    .         Spirit   .   (no amulet)
rElec    .         Reflect  .   g - ring of resist corrosion
rCorr    +         Harm     .   (no ring)
MR       .....                  (no ring)
Stlth    ++........             (no ring)
HPRegen  0.10/turn              (no ring)
MPRegen  0.09/turn              (no ring)
                                (no ring)
                                (no ring)

@: heavily drained
A: almost no armour, stealthy swim, amphibious, 8 rings, constrict 8, camouflage
1, gelatinous body 1
a: no special abilities


You were on level 2 of the Dungeon.
You were hungry.

You visited 1 branch of the dungeon, and saw 2 of its levels.

You collected 91 gold pieces.

Inventory:

Hand Weapons
 a - a +0 long sword (weapon)
Missiles
 f - 7 tomahawks of dispersal (quivered)
 h - 90 stones
 k - 18 bolts
 l - 9 sling bullets
 p - 45 arrows
Armour
 b - a +0 shield
Jewellery
 g - a ring of resist corrosion (left tentacle)
 q - an uncursed amulet of harm
Wands
 I - a wand of iceblast (7)
Scrolls
 d - a scroll of remove curse {unknown}
 i - 2 scrolls of identify {unknown}
 j - a scroll of magic mapping {unknown}
 m - a scroll of blinking {unknown}
Potions
 c - a potion of might {Str+5 DMG+1d10 | @q3}
 e - a potion of mutation {unknown}
 n - a potion of degeneration {unknown}
 o - a potion of lignification {unknown}
 r - a potion of curing {unknown}
 s - a potion of agility {unknown}
Comestibles
 t - a chunk of flesh
 z - 7 rations


   Skills:
 + Level 3.5(2.2) Fighting
 + Level 2.7(1.5) Long Blades
 + Level 3.5(2.3) Dodging
 + Level 3.5(2.3) Shields


You had 3 spell levels left.
You didn't know any spells.
Your spell library was empty.

Dungeon Overview and Level Annotations

Branches:
Dungeon (2/15)

Altars:


Innate Abilities, Weirdness & Mutations

You cannot wear most types of armour.
You are very stealthy in the water. (Stealth+)
You are amphibious.
You can wear up to eight rings at the same time.
You can use your tentacles to constrict eight enemies at once.
Your skin changes colour to match your surroundings (Stealth+).
Your rubbery body absorbs attacks. (AC +1, EV +1)


Message History

The hobgoblin shouts!
You closely miss the hobgoblin. Your grab misses the hobgoblin.
You constrict the kobold, but do no damage.
The hobgoblin hits you. The kobold barely misses you.
You take 2 damage, and have 14/31 hp.
You release your grip on the kobold.
You are feeling hungry.
The kobold completely misses you.
You see here 18 arrows.
There is an open door here.
You closely miss the hobgoblin. You grab the hobgoblin.
You constrict the hobgoblin, but do no damage.
The hobgoblin hits you.
* * * LOW HITPOINT WARNING * * *
The hobgoblin hits you.
* * * LOW HITPOINT WARNING * * *
You take 9 damage, and have 5/31 hp.
MASSIVE DAMAGE!!
You completely miss the hobgoblin. You constrict the hobgoblin.
The hobgoblin hits you.
You die...

##################
#.................
#.################
#.# #@# #######g##
#......K.#
#......(.#
#........#
#......>.......
#######....####
######


You could see a hobgoblin and a kobold.

Vanquished Creatures
  3 adders (D:2)
  2 dart slugs
  A leopard gecko (D:2)
  4 giant cockroaches (D:1)
  3 goblins
  5 hobgoblins
  4 jackals (D:1)
  3 kobolds
  4 bats
  3 frilled lizards (D:1)
  8 rats
40 creatures vanquished.

Notes
Turn   | Place    | Note
-------+----------+-------------------------------------------
     0 | D:1      | Redear the Octopode Fighter began the quest for the Orb.
     0 | D:1      | Reached XP level 1. HP: 16/16 MP: 1/1
   156 | D:1      | Reached XP level 2. HP: 19/21 MP: 2/2
   534 | D:1      | Reached XP level 3. HP: 25/26 MP: 3/3
  1139 | D:2      | Reached XP level 4. HP: 26/31 MP: 4/4
  1365 | D:2      | Slain by a hobgoblin

Levels and vault maps discovered:
D:1:      minmay_arrival_split_and_join, layout_basic, minmay_lizard_pond
D:2:      layout_basic

Action                   |  1- 3 |  4- 6 || total
-------------------------+-------+-------++-------
Melee: Long sword        |    55 |    16 ||    71
       Constrict         |    16 |     4 ||    20
       Tentacles         |     3 |     1 ||     4
 Stab: Sleeping          |     9 |     1 ||    10
  Eat: Chunk             |       |     1 ||     1
Armor: Skin              |     3 |     1 ||     4
Dodge: Dodged            |    54 |    15 ||    69
       Rpst.: Long sword |    15 |     2 ||    17

Table legend:
 A = Non-vault XP
 B = Vault XP
 C = Vault XP percentage of total XP
 D = Non-vault monster count
 E = Vault monster count
 F = Vault count percentage of total count
                 A         B        C        D         E       F
            +---------+---------+-------+---------+---------+-------
      Total |      99 |       3 |   2.9 |      37 |       3 |   7.5
            +---------+---------+-------+---------+---------+-------
        D:1 |      34 |       3 |   8.1 |      19 |       3 |  13.6
        D:2 |      65 |       0 |   0.0 |      18 |       0 |   0.0
            +---------+---------+-------+---------+---------+-------
